 Dungeon Crawl Stone Soup version 0.27-a0-1196-g3e9cee4cb2 (webtiles) character file.

Game seed: 12789534818432481622

1759 bande the Chopper (level 9, -9/54 HPs)
             Began as a Gargoyle Fighter on May 30, 2021.
             Mangled by Duvessa
             ... wielding a +2 short sword of speed
              (14 damage)
             ... on level 5 of the Dungeon.
             The game lasted 00:11:20 (7060 turns).

bande the Chopper (Gargoyle Fighter)                Turns: 7060, Time: 00:11:21

Health: -9/54      AC: 21    Str: 28    XL:     9   Next: 6%
Magic:  9/9        EV:  6    Int:  9    God:
Gold:   103        SH: 12    Dex: 10    Spells: 8/8 levels left

rFire    . . .     SeeInvis .   a - +1 war axe
rCold    . . .     Faith    .   c - +1 kite shield
rNeg     + . .     Spirit   .   n - +0 plate armour
rPois    ∞         Reflect  .   (no helmet)
rElec    +         Harm     .   j - +0 cloak
rCorr    .         Rampage  .   (no gloves)
Will     .....                  m - +0 pair of boots
Stlth    ..........             (no amulet)
HPRegen  0.18/turn              q - +6 ring of strength
MPRegen  0.11/turn              (no ring)

@: no status effects
A: sickness immunity, AC +6, negative energy resistance 1, electricity
resistance, torment resistance 1, petrification resistance
a: no special abilities


You were on level 5 of the Dungeon.
You visited 1 branch of the dungeon, and saw 5 of its levels.

You collected 173 gold pieces.
You spent 70 gold pieces at shops.

Inventory:

Hand Weapons
 a - a +1 war axe (weapon)
 e - a +2 flail of protection
 r - a +0 flail
 u - a +0 war axe
Armour
 c - a +1 kite shield (worn)
 j - a +0 cloak (worn)
 m - a +0 pair of boots (worn)
 n - a +0 plate armour (worn)
Jewellery
 i - a ring of ice
 q - a +6 ring of strength (left hand)
Wands
 o - a wand of iceblast (5)
 v - a wand of flame (18)
Scrolls
 g - 2 scrolls of teleportation
 k - 2 scrolls of blinking
 s - a scroll of enchant weapon
 t - a scroll of amnesia
 w - a scroll of identify
Potions
 b - 2 potions of mutation {unknown}
 d - 2 potions of degeneration {unknown}
 f - 2 potions of curing
 h - a potion of cancellation
 l - a potion of heal wounds
 p - a potion of lignification {unknown}


   Skills:
 + Level 5.4 Fighting
 + Level 6.7 Axes
 + Level 5.6 Armour
 + Level 1.2 Dodging
 - Level 0.5 Stealth
 + Level 6.1 Shields
 * Level 3.5 Evocations


You had 8 spell levels left.
You didn't know any spells.
Your spell library contained the following spells:

 Spells                   Type           Power      Damage    Failure   Level
 Confusing Touch          Hex            0%         N/A       100%        3
 Gell's Gravitas          Tloc           0%         N/A       100%        3
 Petrify                  Tmut/Erth      0%         N/A       100%        4
 Metabolic Englaciation   Hex/Ice        0%         N/A       100%        5
 Yara's Violent Unravell  Hex/Tmut       0%         3d3       100%        5


Dungeon Overview and Level Annotations

Branches:
Dungeon (5/15)
 Temple: D:4-7

Altars:
Trog

Shops:
D:2 !   D:4 !   D:5 (((

Annotations:
D:4 2 transporters
D:5 Duvessa


Innate Abilities, Weirdness & Mutations

You are immune to sickness and miasma.
Your stone body is resilient. (AC +6)
You are immune to poison.
You resist negative energy. (rN+)
You are resistant to electric shocks. (rElec)
You are resistant to unholy torment.
You are immune to petrification.


Message History

Duvessa is moderately wounded.
You barely miss Dowan. You block Duvessa's attack.
Dowan hits you but does no damage. You block Duvessa's attack.
You slash Duvessa!
Duvessa is heavily wounded.
You closely miss Dowan. You block Duvessa's attack.
Dowan says, "Magic and the sword, together, will defeat you."
Dowan barely misses you. You block Duvessa's attack.
Unknown command.
You barely miss Duvessa.
Duvessa is heavily wounded.
You hit Dowan. You block Duvessa's attack. Dowan hits you but does no damage.
You block Duvessa's attack. Dowan hits you but does no damage.
You barely miss Duvessa.
Duvessa is heavily wounded.
You slash Dowan!
You kill Dowan!
Duvessa screams, "No!
How DARE you!"
Duvessa goes berserk!
You block Duvessa's attack. x3
Unknown command.
You hit Duvessa but do no damage.
Duvessa is heavily wounded.
You block Duvessa's attack.
Duvessa hits you with a +2 short sword of speed!
You block Duvessa's attack.
You hit Duvessa.
Duvessa is heavily wounded.
Duvessa hits you but does no damage. You block Duvessa's attack. x2
You slash Duvessa!
Duvessa is almost dead.
You block Duvessa's attack.
Duvessa hits you with a +2 short sword of speed.
Duvessa hits you with a +2 short sword of speed!
You closely miss Duvessa.
Duvessa is almost dead.
Duvessa hits you with a +2 short sword of speed!
* * * LOW HITPOINT WARNING * * *
Duvessa hits you but does no damage.
Duvessa hits you with a +2 short sword of speed!
You die...

#..... ##. ###.####
$.# #.......
##..##### #.#.####
.......### ##.#.#
.♣.♣!♣...#####....#
∩...∩.............#
.♣.♣.♣.♣..######....#
....⌠.)@.## ####.#
.♣.♣.♣.♣e# #.# ..∩..#
#.# ♣.♣.♣.# #.####
.......# #.....
.######## ###### #


You could see Duvessa (berserk).

Vanquished Creatures
  Grinder (D:3)
  Sigmund (D:5)
  Edmund (D:5)
  An orc warrior (D:4)
  2 black bears
  A phantom (D:3)
  A gnoll sergeant (D:4)
  A scorpion (D:5)
  Dowan (D:5)
  3 hounds
  A jelly (D:4)
  2 bullfrog zombies (D:5)
  2 orc priests
  Crazy Yiuf (D:3)
  2 bullfrog skeletons
  Jessica (D:2)
  4 iguanas
  2 orc wizards (D:4)
  Ijyb (D:3)
  Natasha (twice) (D:2)
  A hound skeleton (D:5)
  4 adders
  5 gnolls (D:5)
  2 adder skeletons
  3 dart slugs
  8 orcs
  8 endoplasms
  2 giant cockroaches
  3 goblins
  6 hobgoblins
  13 jackals
  4 quokkas
  6 ball pythons
  6 bats
  8 frilled lizards
  6 kobolds
  2 rats (D:1)
118 creatures vanquished.

Vanquished Creatures (others)
  6 plants (D:4)
6 creatures vanquished.

Grand Total: 124 creatures vanquished

Notes
Turn   | Place    | Note
-------+----------+-------------------------------------------
     0 | D:1      | bande the Gargoyle Fighter began the quest for the Orb.
     0 | D:1      | Reached XP level 1. HP: 14/14 MP: 1/1
   242 | D:1      | Reached XP level 2. HP: 18/19 MP: 2/2
  1572 | D:2      | Reached XP level 3. HP: 24/24 MP: 3/3
  1606 | D:2      | Noticed Jessica
  1611 | D:2      | Killed Jessica
  1759 | D:2      | Reached XP level 4. HP: 27/29 MP: 4/4
  1940 | D:2      | Noticed Natasha
  1945 | D:2      | Killed Natasha
  2331 | D:2      | Found Tiguesas's Distillery.
  2340 | D:2      | Bought a potion of heal wounds for 70 gold pieces
  2452 | D:2      | Reached XP level 5. HP: 29/33 MP: 5/5
  2582 | D:2      | Noticed Natasha
  2589 | D:2      | Killed Natasha
  2997 | D:3      | Noticed Ijyb
  3003 | D:3      | Killed Ijyb
  3083 | D:3      | Noticed Grinder
  3086 | D:3      | Noticed a phantom
  3090 | D:3      | Paralysed by Grinder for 4 turns
  3109 | D:3      | Killed a phantom
  3110 | D:3      | Reached XP level 6. HP: 23/38 MP: 6/6
  3138 | D:3      | Killed Grinder
  3139 | D:3      | Reached skill level 1 in Evocations
  3139 | D:3      | Reached XP level 7. HP: 27/44 MP: 7/7
  3659 | D:3      | Found a runed translucent door.
  3660 | D:3      | Noticed Crazy Yiuf
  3841 | D:3      | Killed Crazy Yiuf
  4431 | D:4      | Found a transporter.
  4436 | D:4      | Found a transporter.
  4516 | D:4      | Reached skill level 5 in Shields
  4519 | D:4      | Reached skill level 1 in Dodging
  4849 | D:4      | Reached skill level 5 in Axes
  4943 | D:4      | Found Peuluipp's Distillery.
  5025 | D:5      | Entered Level 5 of the Dungeon
  5084 | D:5      | Reached XP level 8. HP: 48/48 MP: 8/8
  5165 | D:4      | Reached skill level 5 in Armour
  5612 | D:5      | Noticed Edmund
  5625 | D:5      | Killed Edmund
  5730 | D:5      | Noticed Sigmund
  5734 | D:5      | HP: 1/48 [Sigmund/+5 scythe of distortion (10)]
  5750 | D:5      | Killed Sigmund
  5751 | D:5      | Reached skill level 5 in Fighting
  6838 | D:5      | Found a bloodstained altar of Trog.
  6845 | D:5      | Reached XP level 9. HP: 50/54 MP: 9/9
  7038 | D:5      | Found Deamenaa's Antique Weapon Shop.
  7041 | D:5      | Noticed Duvessa
  7041 | D:5      | Noticed Dowan
  7042 | D:5      | Found Haenal's Weapon Shop.
  7048 | D:5      | Found Rajauts's Weapon Shop.
  7056 | D:5      | Killed Dowan
  7060 | D:5      | Mangled by Duvessa

Illustrated notes

Levels and vault maps discovered:
D:1:      tarquinn_simple_flora_water_f, layout_basic,
          corexii_hall_statues_deadend
D:2:      layout_basic, serial_shops, nicolae_shop_competitors_out_of_business,
          uniq_jessica, uniq_natasha
D:3:      layout_loops_ring, uniq_grinder, uniq_crazy_yiuf_cottage, uniq_ijyb
D:4:      layout_rooms, gammafunk_ghost_gnarly_gnolls, serial_shops,
          kennysheep_mini
D:5:      layout_loops_ring, grunt_temple_overflow_champion_of_chaos,
          overflow_temple_1_default, minmay_shop_grid_forest,
          grunt_ministairs_6, uniq_edmund, uniq_blork_the_orc, uniq_duvessa,
          uniq_sigmund

Skill      XL: |  1  2  3  4  5  6  7  8 |
---------------+-------------------------+-----
Axes           | 2 3 4 5 6 |  6.7
Fighting       | 4 5 |  5.4
Shields        | 4 5 6 |  6.1
Armour         | 4 5 |  5.6
Evocations     | 1 2 3 |  3.5
Dodging        | 1 |  1.2
Stealth        | |  0.5

Action                   |  1- 3 |  4- 6 |  7- 9 || total
-------------------------+-------+-------+-------++-------
Melee: War axe           |   113 |   139 |   258 ||   510
  Use: Scroll            |     1 |     6 |     6 ||    13
       Potion            |       |     1 |     2 ||     3
Armor: Scale mail        |    16 |       |       ||    16
       Chain mail        |    60 |    89 |    83 ||   232
       Plate armour      |       |       |    71 ||    71
Dodge: Dodged            |    31 |    42 |    50 ||   123
Block: Kite shield       |    69 |    65 |   180 ||   314

Table legend: (Time is in decaauts)
 A = Elapsed time spent in this place.
 B = Non-inter-level travel time spent in this place.
 C = Inter-level travel time spent in this place.
 D = Time resting spent in this place.
 E = Time spent auto-exploring this place.
 F = Levels seen in this place.
 G = Mean time per level.
                   A        B        C        D        E       F      G
               +--------+--------+--------+--------+--------+-----+--------+
         Total |   7321 |   7182 |    139 |   1795 |   3888 |   5 | 1464.2 |
       Dungeon |   7321 |   7182 |    139 |   1795 |   3888 |   5 | 1464.2 |
               +--------+--------+--------+--------+--------+-----+--------+

Top non-repeatable levels by time:
     D:5: 1585 daAuts
     D:1: 1584 daAuts
     D:2: 1536 daAuts
     D:4: 1502 daAuts
     D:3: 1112 daAuts
